 Dungeon Crawl Stone Soup version 0.31-a0-18-gea43df2a32 (webtiles) character file.

Game seed: 7052464105910620404

65 sircluck the Sneak (level 4, -2/40 HPs)
             Began as a Kobold Brigand on May 9, 2023.
             Slain by Crazy Yiuf
             ... wielding a +2 quarterstaff of chaos
              (3 damage)
             ... on level 3 of the Dungeon.
             The game lasted 00:01:57 (1830 turns).

sircluck the Sneak (Kobold Brigand)                 Turns: 1830, Time: 00:01:57

Health: -2/40      AC: 22    Str:  8    XL:     4   Next: 34%
Magic:  2/4        EV:  3    Int: 12    God:
Gold:   187        SH:  0    Dex: 18    Spells: 3/3 levels left

rFire   . . .        a - +2 dagger
rCold   . . .        (no shield)
rNeg    . . .        d - melded +0 leather armour
rPois   +            f - melded +0 helmet
rElec   .            c - melded +0 cloak
rCorr   .            (gloves currently unavailable)
SInv    .            (boots currently unavailable)
Will    .....        (no amulet)
Stlth   ++++         (no ring)
HPRegen 0.26/turn    (no ring)
MPRegen 0.09/turn

%: no passive effects
@: lethally poisoned (-2 -> -5), tree-form
A: stationary, stasis, torment immunity, boosted hp, small, no large weapons,
nightstalker 3
a: no special abilities


You were on level 3 of the Dungeon.
You were a tree.
You visited 1 branch of the dungeon, and saw 3 of its levels.

You collected 187 gold pieces.

Inventory:

Hand Weapons
 a - a +2 dagger (weapon)
Missiles
 e - 10 poisoned darts
 g - 8 boomerangs (quivered)
 o - a curare-tipped dart
 u - 25 stones
Armour
 b - a +0 robe
 c - a +0 cloak (melded)
 d - a +0 leather armour (melded)
 f - a +0 helmet (melded)
Jewellery
 C - an amulet of reflection
Scrolls
 h - 5 scrolls of identify {unknown}
 m - 5 scrolls of teleportation {unknown}
 p - a scroll of brand weapon {unknown}
 q - a scroll of acquirement {unknown}
 r - a scroll of fear {unknown}
 t - a scroll of enchant weapon {unknown}
 x - a scroll of blinking {unknown}
 y - a scroll of magic mapping {unknown}
Potions
 i - 2 potions of flight {unknown}
 j - a potion of lignification
 k - a potion of attraction {unknown}
 l - a potion of resistance {unknown}
 n - 2 potions of invisibility {unknown}
 s - a potion of magic {unknown}
 v - 2 potions of heal wounds {unknown}
 w - a potion of brilliance {unknown}
 z - 2 potions of mutation {unknown}
 A - a potion of cancellation {unknown}
 B - a potion of degeneration {unknown}


   Skills:
 + Level 2.4 Fighting
 + Level 3.2 Short Blades
 + Level 3.0 Throwing
 + Level 0.7 Armour
 + Level 1.5 Dodging
 + Level 6.3 Stealth


You had 3 spell levels left.
You didn't know any spells.
Your spell library was empty.

Dungeon Overview and Level Annotations

Branches:
Dungeon (3/15)

Altars:
Fedhas
Xom

Annotations:
D:3 Crazy Yiuf


Innate Abilities, Weirdness & Mutations

You are a tree.
Your roots penetrate the ground, keeping you stationary.
You cannot be teleported.
You are immune to unholy pain and torment.
Your maximum health is greatly increased.
Your equipment is partially melded.
You are small and have problems with some larger weapons.
You are completely attuned to the shadows.


Message History

Found an escape hatch in the ceiling.
Found a blossoming altar of Fedhas.
There is a blossoming altar of Fedhas here.
There is an open door here.
Key pressed, stopping explore.
You open the door.
There is an open translucent door here.
You barely miss Crazy Yiuf.
Crazy Yiuf shouts!
Crazy Yiuf barely misses you.
You hit Crazy Yiuf.
Crazy Yiuf is lightly wounded.
Crazy Yiuf hits you with a +2 quarterstaff of chaos!
Crazy Yiuf draws strength from your wounds!
Crazy Yiuf attacks as you move away! Crazy Yiuf completely misses you.
Crazy Yiuf attacks as you move away!
Crazy Yiuf hits you with a +2 quarterstaff of chaos.
Crazy Yiuf burns you.
There is an open translucent door here.
Crazy Yiuf attacks as you move away! Crazy Yiuf closely misses you.
You hit Crazy Yiuf but do no damage. Crazy Yiuf barely misses you.
You hit Crazy Yiuf but do no damage. You hit Crazy Yiuf but do no damage.
Crazy Yiuf hits you with a +2 quarterstaff of chaos.
You are poisoned.
You closely miss Crazy Yiuf.
You feel sick. Crazy Yiuf misses you.
You barely miss Crazy Yiuf.
You feel sick. Crazy Yiuf misses you.
You hit Crazy Yiuf but do no damage.
You feel sick.
Crazy Yiuf hits you with a +2 quarterstaff of chaos.
* * * LOW HITPOINT WARNING * * *
You feel your power leaking away.
It was a potion of lignification.
You turn into a tree.
Your +0 cloak melds into your body.
Your +0 helmet melds into your body.
Your +0 leather armour melds into your body.
Your roots penetrate the ground.
* * * LOW HITPOINT WARNING * * *
You feel sick.
Crazy Yiuf sings, "Trees, trees, trees, circus!"
Crazy Yiuf hits you with a +2 quarterstaff of chaos.
You die...

#............#.............†
####.....###########...........
#........# #...........
#.....#### ##### #.......####
#..)..# #..)# #.^..>..# #.....#
#...# #.......### #.....# #...#
#.......'.## #.....# ##g##
#.......#..# #.....# ♣♣♣♣
#.......##.. #)....# ♣.♣♣
#.<.....#### #.....## ♣♣.♣
#.......# #......# ♣.♣♣
######### ######.# ♣♣.♣♣ #.#
♣.PP♣♣ #.# ♣..P.♣ #.### #....#
#...####..##


You could see Crazy Yiuf.

Vanquished Creatures
  2 adders (D:3)
  4 dart slugs
  8 ball pythons
  An endoplasm (D:1)
  3 giant cockroaches
  3 goblins
  2 hobgoblins (D:3)
  3 jackals (D:1)
  A quokka (D:2)
  4 bats
  A frilled lizard (D:1)
  4 kobolds
  3 rats
39 creatures vanquished.

Notes
Turn   | Place    | Note
-------+----------+-------------------------------------------
     0 | D:1      | sircluck the Kobold Brigand began the quest for the Orb.
     0 | D:1      | Reached XP level 1. HP: 12/12 MP: 1/1
    39 | D:1      | Found a faded altar of an unknown god.
   191 | D:1      | Reached XP level 2. HP: 17/17 MP: 2/2
   215 | D:1      | Reached skill level 6 in Stealth
   418 | D:1      | Reached XP level 3. HP: 10/21 MP: 3/3
  1262 | D:3      | Reached XP level 4. HP: 27/27 MP: 4/4
  1341 | D:3      | Found a runed translucent door.
  1344 | D:3      | Noticed Crazy Yiuf
  1488 | D:3      | Found a shimmering altar of Xom.
  1751 | D:3      | Found a blossoming altar of Fedhas.
  1829 | D:3      | HP: 1/27 [Crazy Yiuf/+2 quarterstaff of chaos (5)]
  1830 | D:3      | Slain by Crazy Yiuf

Illustrated notes

Levels and vault maps discovered:
D:1:      dpeg_arrival_long_road, layout_rooms,
          hellmonk_ecumenical_altar_run_dry, minmay_misc_feat_rugged,
          minmay_three_crescents
D:2:      layout_rooms
D:3:      layout_basic, fedhas_altar_4, mainiacjoe_overflow_cross_hatched,
          uniq_crazy_yiuf_cottage

Skill      XL: |  1  2  3  4 |
---------------+-------------+-----
Stealth        | 6 |  6.3
Short Blades   | 3 |  3.2
Throwing       | 3 |  3.0
Fighting       | |  2.4
Armour         | |  0.7
Dodging        | |  1.5

Action                     |  1- 3 |  4- 6 || total
---------------------------+-------+-------++-------
  Melee: Dagger            |    26 |    19 ||    45
  Throw: Dart              |    14 |       ||    14
         Boomerang         |    44 |    28 ||    72
    Use: Potion            |       |     1 ||     1
   Stab: Sleeping          |     3 |       ||     3
         Distracted        |     1 |       ||     1
 Armour: Robe              |     4 |       ||     4
         Leather armour    |     9 |    11 ||    20
  Dodge: Dodged            |    55 |    25 ||    80

Table legend: (Time is in decaauts)
 A = Elapsed time spent in this place.
 B = Non-inter-level travel time spent in this place.
 C = Inter-level travel time spent in this place.
 D = Time resting spent in this place.
 E = Time spent auto-exploring this place.
 F = Levels seen in this place.
 G = Mean time per level.
                   A        B        C        D        E       F      G
               +--------+--------+--------+--------+--------+-----+--------+
         Total |   1833 |   1756 |     77 |      0 |   1470 |   3 |  611.0 |
       Dungeon |   1833 |   1756 |     77 |      0 |   1470 |   3 |  611.0 |
               +--------+--------+--------+--------+--------+-----+--------+

Top non-repeatable levels by time:
     D:3: 715 daAuts
     D:1: 618 daAuts
     D:2: 500 daAuts
